Construct Section Command Post
Construct Platoon Command Post
Selects Indian Artillery Battlegroup
Selects Artillery Saturation
Construct Field Infirmary
Construct Field Infirmary
Selects Gurkha Rifles Section
Construct Company Command Post
Selects Volunteer Infantry
Selects Off-map Airburst Barrage
6-pounder Anti-tank Gun Team
Selects Perimeter Monitor
Unlock Towed 17-pounder Anti-tank Guns
17-pounder Anti-tank Gun Team
Unlock M3 Grant Medium Tanks